 Dungeon Crawl Stone Soup version 0.29-a0-520-gc852659d43 (webtiles) character file.

Game seed: 6357984708974595255

46 xian the Bolt Thrower (level 3, 0/29 HPs)
             Began as a Demigod Hunter on May 31, 2022.
             Killed from afar by Sigmund (3 damage)
             ... with a magic dart
             ... on level 2 of the Dungeon.
             The game lasted 00:04:22 (1179 turns).

xian the Bolt Thrower (Demigod Hunter)              Turns: 1179, Time: 00:04:23

Health: 0/29       AC:  3    Str: 22    XL:     3   Next: 27%
Magic:  5/5        EV: 12    Int: 11    God:
Gold:   92         SH:  5    Dex: 17    Spells: 2/2 levels left

rFire   . . .      SeeInvis .   a - +1 hand crossbow
rCold   . . .      Faith    .   (no shield)
rNeg    . . .      Spirit   .   b - +0 leather armour
rPois   .          Reflect  +   (no helmet)
rElec   .          Harm     .   (no cloak)
rCorr   .          Rampage  .   (no gloves)
Will    +....                   (no boots)
Stlth   ++........              f - amulet of reflection
HPRegen 0.09/turn               e - ring of willpower
MPRegen 0.09/turn               k - +6 ring of strength

@: brilliant, slowed, very slow
A: high MP 1, forlorn, divine attributes
a: no special abilities


You were on level 2 of the Dungeon.
You visited 1 branch of the dungeon, and saw 2 of its levels.

You collected 92 gold pieces.

Inventory:

Hand Weapons
 a - a +1 hand crossbow (weapon)
 g - a +3 dagger
Missiles
 h - 4 poisoned darts
Armour
 b - a +0 leather armour (worn)
Magical Staves
 n - a staff of conjuration
Jewellery
 e - a ring of willpower (left hand)
 f - an amulet of reflection (around neck)
 k - a +6 ring of strength (right hand)
Scrolls
 c - a scroll of immolation
 d - a scroll of magic mapping {unknown}
 j - a scroll of identify {unknown}
 m - a scroll of fear {unknown}
 p - a scroll of torment {unknown}


   Skills:
 + Level 1.9 Fighting
 + Level 4.5 Crossbows
 + Level 0.3 Armour
 + Level 2.0 Dodging
 + Level 0.8 Stealth
 + Level 0.3 Shields


You had 2 spell levels left.
You didn't know any spells.
Your spell library contained the following spells:

 Spells                   Type           Power      Damage    Failure   Level
 Magic Dart               Conj           0%         1d3       38%         1
 Searing Ray              Conj           0%         2d4       52%         2
 Portal Projectile        Hex/Tloc       0%         N/A       77%         3
 Tukima's Dance           Hex            0%         N/A       77%         3
 Fulminant Prism          Conj/Hex       0%         3d6       99%         4
 Blade Hands              Tmut           0%         N/A       100%        5


Dungeon Overview and Level Annotations

Branches:
Dungeon (2/15)

Annotations:
D:2 Natasha, Sigmund


Innate Abilities, Weirdness & Mutations

You have an increased reservoir of magic. (+10% MP)
You shall have no god before yourself.
Your divine heritage dramatically boosts your attributes as you level up.


Message History

Sigmund flickers and vanishes!
Deactivating autopickup; reactivate with Ctrl-A.
Unknown command.
You're too confused to move!
Something hits you!
You bump into the rock wall.
You bump into the rock wall.
Something completely misses you.
You bump into the rock wall.
You feel less confused.
No target in view!
Shoot: a) +1 hand crossbow
Press: ? - help, Q - select action, (/) - cycle Shift-Dir - straight line You shoot a bolt.
Shoot: a) +1 hand crossbow
Press: ? - help, Q - select action, (/) - cycle Shift-Dir - straight line You shoot a bolt.
Shoot: a) +1 hand crossbow
Press: ? - help, Q - select action, (/) - cycle Shift-Dir - straight line You shoot a bolt.
Shoot: a) +1 hand crossbow
Press: ? - help, Q - select action, (/) - cycle Shift-Dir - straight line You shoot a bolt.
You flicker for a moment.
Something hits you!
Unknown command.
Shoot: a) +1 hand crossbow
Press: ? - help, Q - select action, (/) - cycle Shift-Dir - straight line You shoot a bolt.
Something hits you!
* * * LOW HITPOINT WARNING * * *
Unknown command.
You aren't carrying any potions.
You aren't carrying any potions.
You flicker back into view.
Natasha hisses angrily.
Natasha casts a spell at you.
You feel yourself slow down.
There is an escape hatch in the floor here.
A magic dart appears from out of thin air!
The magic dart hits you.
You die...

....#
#.....########
...##
#.#..#......#
#
#.#..#.####.#
#.#.)..#..#.#
#.#.h#.#..#.#
#.#..#.#..#.##
#.#..#....#..#
#.#..###.##.##
#.#..@.......#
#.##.###.#####
#.{..# #.#
###### #.# #.#
#.# #.# #.#
#.#


You could see Natasha.

Vanquished Creatures
  An adder (D:2)
  2 worms (D:2)
  A dart slug (D:1)
  3 endoplasms
  A giant cockroach (D:1)
  7 hobgoblins
  2 kobolds
  A bat (D:1)
  3 frilled lizards
  3 goblins (D:1)
  4 rats
28 creatures vanquished.

Vanquished Creatures (others)
  A demonic plant (D:2)
1 creature vanquished.

Grand Total: 29 creatures vanquished

Notes
Turn   | Place    | Note
-------+----------+-------------------------------------------
     0 | D:1      | xian the Demigod Hunter began the quest for the Orb.
     0 | D:1      | Reached XP level 1. HP: 17/17 MP: 3/3
   198 | D:1      | Reached skill level 4 in Crossbows
   242 | D:1      | Reached XP level 2. HP: 24/24 MP: 4/4
   694 | D:2      | Reached XP level 3. HP: 12/29 MP: 5/5
  1082 | D:2      | Noticed Sigmund
  1082 | D:2      | Noticed Natasha
  1179 | D:2      | Killed from afar by Sigmund

Illustrated notes

Levels and vault maps discovered:
D:1:      pf_arrival_petrified_forest, layout_rooms
D:2:      layout_basic, dreamdust_ecumenical_altar_sealed_demon, basic_altar,
          nicolae_figureground_sparkle, uniq_sigmund, uniq_natasha

Skill      XL: |  1  2 |
---------------+-------+-----
Crossbows      | 4 |  4.5
Dodging        | 2 |  2.0
Fighting       | |  1.9
Armour         | |  0.3
Stealth        | |  0.8
Shields        | |  0.3

Action                   || total
-------------------------++-------
 Fire: Hand crossbow     ||    96
  Use: Potion            ||     3
Armor: Leather armour    ||     6
Dodge: Dodged            ||    17
Block: Other             ||     4
       Reflection        ||     1

Table legend: (Time is in decaauts)
 A = Elapsed time spent in this place.
 B = Non-inter-level travel time spent in this place.
 C = Inter-level travel time spent in this place.
 D = Time resting spent in this place.
 E = Time spent auto-exploring this place.
 F = Levels seen in this place.
 G = Mean time per level.
                   A        B        C        D        E       F      G
               +--------+--------+--------+--------+--------+-----+--------+
         Total |   1208 |   1196 |     12 |      0 |    878 |   2 |  604.0 |
       Dungeon |   1208 |   1196 |     12 |      0 |    878 |   2 |  604.0 |
               +--------+--------+--------+--------+--------+-----+--------+

Top non-repeatable levels by time:
     D:2: 651 daAuts
     D:1: 556 daAuts
